AoeStats
← visionary

African Clearing

511537576Analyzed
4v4 RM · 12d ago on Oct 5, 2026· 51m 57s· 8 players
Game mode
Random Map
Map size
Large (8 player)
Population
200
Speed
Normal
Resources
Standard
Victory
Conquest
Starting age
Dark Age
Ending age
Imperial Age
RankedLock teamsTeams togetherTeam positionsShared explorationLock speedFull tech treeHidden civsTurbo modeCheats
Victory
Defeat
🇹🇼 Georgians · Taiwan
1219
+13
🇨🇱 Huns · Chile
1168
+15
🇨🇦 Franks · Canada
1164
+15
🇮🇪 Cumans · Ireland
1064
+20
vs
🇨🇳 Franks · China
1178
-16
🇹🇼 Persians · Taiwan
1167
-17
🇯🇵 Maya · Japan
1143
-16
🇨🇳 Britons · China
1109
-14
CyanCheese20019
14:34 Feudal Age
15:08 Loom
18:59 Town Watch
22:47 Castle Age
22:07 Double-Bit Axe
23:57 Bow Saw
29:40 Horse Collar
31:29 Wheelbarrow
33:56 Fletching
38:14 Gold Mining
38:15 Stone Mining
39:08 Bodkin Arrow
40:46 Padded Archer Armor
42:35 Bloodlines
43:43 Scale Barding Armor
49:12 Forging
49:31 Chain Barding Armor
49:26 Husbandry
50:31 Iron Casting
谛听
12:41 Loom
15:23 Feudal Age
21:25 Castle Age
20:43 Forging
20:57 Double-Bit Axe
24:08 Scale Barding Armor
26:44 Husbandry
jean_sibe
8:22 Loom
13:09 Feudal Age
14:14 Double-Bit Axe
15:03 Town Watch
20:15 Castle Age
20:24 Horse Collar
20:42 Stone Mining
26:35 Wheelbarrow
28:14 Fletching
31:32 Scale Mail Armor
31:55 Eagle Warrior
32:52 Chain Mail Armor
32:49 Gold Mining
35:09 Bodkin Arrow
35:19 Padded Archer Armor
35:40 Ballistics
35:47 Bow Saw
39:15 Pikeman
39:55 Squires
39:41 Arson
40:12 Forging
43:44 Imperial Age
42:53 Iron Casting
43:52 Halberdier
43:53 Elite Eagle Warrior
45:09 Plate Mail Armor
46:35 Blast Furnace
49:47 Conscription
lly
13:49 Feudal Age
12:27 Loom
18:10 Castle Age
17:46 Double-Bit Axe
18:22 Loom
19:39 Fletching
22:24 Bodkin Arrow
22:44 Treadmill Crane
32:50 Murder Holes
Sir Vivyn
13:30 Feudal Age
15:04 Wheelbarrow
14:21 Double-Bit Axe
16:16 Fishing Lines
18:55 Forging
21:40 Castle Age
20:13 Scale Barding Armor
20:09 Gold Mining
22:35 Bow Saw
22:28 Husbandry
23:09 Iron Casting
23:26 Chain Barding Armor
23:01 Light Cavalry
23:32 Loom
26:36 Hand Cart
33:54 Imperial Age
31:22 Stone Mining
34:27 Treadmill Crane
35:13 Conscription
36:44 Blast Furnace
38:28 Plate Barding Armor
39:09 Gillnets
38:58 Cavalier
39:57 Siege Engineers
39:14 Capped Ram
42:37 Chivalry
50:45 Paladin
52:35 Gold Shaft Mining
visionary
6:34 Loom
12:38 Feudal Age
13:12 Double-Bit Axe
redjumper99
6:21 Loom
15:37 Feudal Age
16:45 Double-Bit Axe
19:49 Town Watch
24:02 Scale Barding Armor
24:29 Forging
24:20 Horse Collar
24:54 Bloodlines
28:23 Castle Age
26:48 Scale Mail Armor
27:22 Gold Mining
28:50 Stone Mining
29:20 Bow Saw
32:07 Squires
34:27 Fletching
34:01 Capped Ram
35:10 Heavy Plow
35:10 Bodkin Arrow
40:19 Iron Casting
41:26 Fervor
41:36 Sanctity
42:52 Wheelbarrow
42:48 Chain Barding Armor
43:34 Chain Mail Armor
44:35 Gold Shaft Mining
48:19 Imperial Age
48:48 Hand Cart
50:11 Blast Furnace
49:46 Plate Barding Armor
49:34 Conscription
48:37 Pikeman
49:12 Elite Steppe Lancer
49:53 Siege Ram
52:22 Plate Mail Armor
53:16 Two-Man Saw
52:49 Crop Rotation
Lautaro_aoe
5:40 Loom
5:51 Loom
13:36 Feudal Age
17:56 Castle Age
16:26 Double-Bit Axe
16:38 Horse Collar
17:52 Fletching
20:58 Bodkin Arrow
27:20 Ballistics
28:48 Town Watch
32:11 Elite Skirmisher
37:04 Gold Mining
37:17 Heavy Plow
38:01 Gold Mining
38:27 Bow Saw
39:32 Wheelbarrow
41:05 Hand Cart
40:56 Gold Mining
45:16 Imperial Age
43:17 Scale Barding Armor
44:47 Chain Barding Armor
44:38 Forging
44:40 Bloodlines
44:30 Husbandry
47:23 Plate Barding Armor
47:24 Iron Casting
46:10 Light Cavalry
48:28 Two-Man Saw
48:36 Gold Shaft Mining
47:45 Elite Tarkan
48:28 Marauders
48:49 Conscription
50:24 Blast Furnace
Connection lost

Rejoining the realm…

Still unreachable

The connection could not be restored.

Session expired

The server has moved on; the page needs a fresh start.